 Dungeon Crawl Stone Soup version 0.25-a0-1119-g28b6fd0c3b (webtiles) character file.

Game seed: 4765279390003228136, levelgen mode: deterministic

631176 Baz the Impregnable (level 27, -1/186 HPs)
             Began as a Tengu Air Elementalist on May 18, 2020.
             Was the Champion of Okawaru.
             Killed by drain life
             ... invoked by a deathcap
             ... summoned by a curse toe
              (7 damage)
             ... on level 3 of the Realm of Zot.
             The game lasted 04:58:01 (109813 turns).

Baz the Impregnable (Tengu Air Elementalist)      Turns: 109813, Time: 04:58:02

Health: -1/186     AC: 38    Str: 26    XL:     27
Magic:  0/31       EV: 22    Int: 31    God:    Okawaru [******]
Gold:   2393       SH: 24    Dex: 20    Spells: 18/49 levels left

rFire    + + .     SeeInvis .   B - +9 double sword (vamp)
rCold    + + .     Gourm    .   V - +2 shield of Resistance {rF+ rC+ MR+}
rNeg     + . .     Faith    .   i - +8 orange crystal plate armour {Archmagi, Int+3 Clar}
rPois    +         Spirit   .   S - -2 hat of the Alchemist {rElec rPois rF+ rC+ rN+ MR+ rMut rCorr}
rElec    +         Reflect  +   g - +2 cloak {rCorr}
rCorr    +         Harm     .   J - +1 pair of gloves "Lamar" {Str+8}
rMut     +         Clarity  +   (boots unavailable)
MR       ++++.                  H - amulet of reflection
Stlth    ..........             Q - ring "Coli" {Wiz Dex+3 Slay+3}
HPRegen  0.41/turn              s - ring of Rizeafel {Str+5 Int+6}
MPRegen  0.22/turn

@: about to teleport, heroism, slowed, very slow
A: beak, talons 3, deformed body, deterioration 1, low mp 2, sense surroundings
1, shaggy fur 1, evolution 1, able to fly, sturdy frame 1
}: 3/15 runes: decaying, silver, gossamer
a: Fly, Heroism, Finesse, Renounce Religion


You were on level 3 of the Realm of Zot.
You worshipped Okawaru.
Okawaru was exalted by your worship.
You were not hungry.

You visited 11 branches of the dungeon, and saw 49 of its levels.
You visited the Abyss 4 times.
You also visited: Sewer, Bailey and Ice Cave.

You collected 9523 gold pieces.
You spent 7130 gold pieces at shops.

Inventory:

Hand Weapons
 a - the +12 Vampire's Tooth {vamp}
   (You bought it in a shop on level 10 of the Dungeon)

   It inflicts no extra harm, but heals its wielder when it wounds a living foe.
 b - the +8 scimitar of Suusah {protect, *Slow MR+ Dex+6}
   (You found it on level 12 of the Dungeon)

   It grants its wielder temporary protection when it strikes (+7 to AC).
   It affects your dexterity (+6).
   It affects your resistance to hostile enchantments.
   It may slow you when you take damage.
 B - a +9 vampiric double sword (weapon)
Missiles
 L - 7 throwing nets (quivered)
Armour
 g - a +2 cloak of preservation (worn)
 i - the +8 orange crystal plate armour (worn) {Archmagi, Int+3 Clar}
   (You acquired it on level 4 of the Depths)

   It affects your intelligence (+3).
   It protects you against confusion.
 J - the +1 pair of gloves "Lamar" (worn) {Str+8}
   (You bought it in a shop on level 2 of the Depths)

   It affects your strength (+8).
 S - the -2 hat of the Alchemist (worn) {rElec rPois rF+ rC+ rN+ MR+ rMut rCorr}
   (You found it on level 5 of the Vaults)

   It protects you from fire.
   It protects you from cold.
   It insulates you from electricity.
   It protects you from poison.
   It protects you from negative energy.
   It affects your resistance to hostile enchantments.
   It provides partial protection from all sources of acid and corrosion.
   It protects you from mutation.
 V - the +2 shield of Resistance (worn) {rF+ rC+ MR+}
   (You bought it in a shop on level 1 of the Orcish Mines)

   It protects you from fire.
   It protects you from cold.
   It affects your resistance to hostile enchantments.
Jewellery
 j - the ring "Moll" {rC++ Str+6}
   (You took it off a deep elf demonologist on level 3 of the Elven Halls)

   [ring of strength]

   It affects your strength (+6).
   It greatly protects you from cold.
 l - the amulet "Hopsedgh" {Inacc rElec MR+ Int-2}
   (You found it on level 1 of the Abyss)

   [amulet of inaccuracy]

   It reduces the accuracy of all your attacks.
   It affects your intelligence (-2).
   It insulates you from electricity.
   It affects your resistance to hostile enchantments.
 m - a +4 ring of evasion
 s - the ring of Rizeafel (right hand) {Str+5 Int+6}
   (You found it on level 13 of the Dungeon)

   [ring of intelligence]

   It affects your strength (+5).
   It affects your intelligence (+6).
 t - an uncursed ring of positive energy
 H - an amulet of reflection (around neck)
 P - an uncursed ring of see invisible
 Q - the ring "Coli" (left hand) {Wiz Dex+3 Slay+3}
   (You took it off a yaktaur captain on level 5 of the Vaults)

   [ring of wizardry]

   It improves your spell success rate.
   It affects your dexterity (+3).
   It affects your accuracy and damage with ranged weapons and melee attacks
   (+3).
Wands
 n - a wand of paralysis (16)
 v - a wand of clouds (8)
 C - a wand of iceblast (28)
 E - a wand of digging (7)
 W - a wand of acid (57)
Scrolls
 d - 23 scrolls of remove curse
 h - 17 scrolls of teleportation
 k - 3 scrolls of blinking
 o - 6 scrolls of enchant armour
 x - 11 scrolls of magic mapping
 y - 9 scrolls of amnesia
 K - 4 scrolls of enchant weapon
 N - 2 scrolls of holy word
 O - 8 scrolls of fear
 R - 13 scrolls of fog
 T - 6 scrolls of brand weapon
 X - 3 scrolls of silence
 Z - 15 scrolls of identify
Potions
 e - 2 potions of resistance
 f - 3 potions of cancellation
 p - 4 potions of lignification
 q - 4 potions of invisibility
 r - 7 potions of brilliance
 u - 3 potions of mutation
 w - 5 potions of might
 z - 5 potions of berserk rage
 A - 15 potions of curing
 D - 7 potions of haste
 F - 3 potions of magic
 I - 7 potions of heal wounds
 U - 11 potions of stabbing
 Y - 6 potions of ambrosia
Comestibles
 c - 60 rations
 G - 12 chunks of flesh


   Skills:
 + Level 22.6(27) Fighting
 - Level 16.0(21.0) Long Blades
 * Level 26.0(27) Armour
 + Level 17.3(22.3) Dodging
 - Level 2.0(7.0) Stealth
 - Level 15.0(20.0) Shields
 - Level 11.6 Spellcasting
 + Level 18.6 Conjurations
 - Level 3.0 Translocations
 - Level 9.0 Ice Magic
 - Level 16.8 Air Magic
 - Level 9.3 Invocations


You had 18 spell levels left.
You knew the following spells:

 Your Spells              Type           Power        Failure   Level  Hunger
a - Shock                 Conj/Air       ####         0%          1    None
b - Static Discharge      Conj/Air       ########     1%          3    None
c - Swiftness             Chrm/Air       #######.     1%          2    None
d - Airstrike             Air            ########..   1%          4    None
e - Lightning Bolt        Conj/Air       ########..   1%          5    ##.....
f - Apportation           Tloc           ######       1%          1    None
g - Freezing Cloud        Conj/Ice/Air   ########..   1%          6    ####...
h - Blink                 Tloc           N/A          2%          2    None
i - Orb of Destruction    Conj           ########..   2%          7    ######.

Your spell library contained the following spells:

 Spells                   Type           Power        Failure   Level  Hunger
 Magic Dart               Conj           ####         0%          1    None
 Foxfire                  Conj/Fire      ####         1%          1    None
 Freeze                   Ice            ####         1%          1    None
 Corpse Rot               Necr/Air       N/A          1%          2    None
 Ensorcelled Hibernation  Hex/Ice        ######       1%          2    None
 Poisonous Vapours        Pois/Air       ######       1%          2    None
 Conjure Flame            Conj/Fire      #######.     1%          3    None
 Dazzling Flash           Conj/Hex       ######       1%          3    None
 Frozen Ramparts          Ice            ######       1%          3    None
 Mephitic Cloud           Conj/Pois/Air  #######.     1%          3    None
 Stone Arrow              Conj/Erth      ######       1%          3    None
 Hailstorm                Conj/Ice       ########     1%          4    None
 Sticky Flame             Conj/Fire      #######.     1%          4    None
 Ozocubu's Armour         Chrm/Ice       ######..     2%          3    None
 Fireball                 Conj/Fire      #######...   3%          5    ##.....
 Irradiate                Conj/Tmut      #######...   3%          5    ##.....
 Iskenderun's Battlesphe  Conj/Chrm      #######.     3%          5    ##.....
 Shroud of Golubria       Chrm/Tloc      #####.       4%          2    None
 Gell's Gravitas          Tloc           ######....   4%          3    None
 Teleport Other           Tloc           ######..     4%          3    None
 Silence                  Hex/Air        #######...   4%          5    ##.....
 Animate Skeleton         Necr           N/A          6%          1    None
 Beastly Appendage        Tmut           ####..       6%          1    None
 Corona                   Hex            ####...      6%          1    None
 Infusion                 Chrm           ####         6%          1    None
 Sandblast                Erth           ####..       6%          1    None
 Sting                    Tmut/Pois      ####         6%          1    None
 Summon Butterflies       Summ           ####....     6%          1    None
 Summon Small Mammal      Summ           ####         6%          1    None
 Call Imp                 Summ           ####....     9%          2    None
 Passwall                 Tmut/Erth      ####....     9%          2    None
 Slow                     Hex            ####....     9%          2    None
 Song of Slaying          Chrm           ####....     9%          2    None
 Sticks to Snakes         Tmut           ####....     9%          2    None
 Sublimation of Blood     Necr           ####......   9%          2    None
 Portal Projectile        Hex/Tloc       #####.       9%          3    None
 Recall                   Summ/Tloc      N/A          9%          3    None
 Ice Form                 Ice/Tmut       ######..     9%          4    None
 Summon Ice Beast         Ice/Summ       ######..     9%          4    None
 Bolt of Magma            Conj/Fire/Erth ######....   12%         5    ##.....
 Call Canine Familiar     Summ           ####....     16%         3    None
 Confusing Touch          Hex            ####....     16%         3    None
 Ignite Poison            Fire/Tmut/Pois ####....     16%         3    None
 Inner Flame              Hex/Fire       ####....     16%         3    None
 Spectral Weapon          Hex/Chrm       ####....     16%         3    None
 Spider Form              Tmut/Pois      ####......   16%         3    None
 Tukima's Dance           Hex            ####....     16%         3    None
 Iron Shot                Conj/Erth      #######...   17%         6    ####...
 Starburst                Conj/Fire      #######...   17%         6    ####...
 Ozocubu's Refrigeration  Ice            #######...   21%         6    ####...
 Metabolic Englaciation   Hex/Ice        ######....   22%         5    ##.....
 Cause Fear               Hex            ####......   45%         4    None
 Dispel Undead            Necr           ####....     45%         4    None
 Leda's Liquefaction      Hex/Erth       ####......   45%         4    None
 Olgreb's Toxic Radiance  Pois           ####....     45%         4    None
 Petrify                  Tmut/Erth      ####....     45%         4    None
 Summon Forest            Summ/Tloc      #####.....   58%         5    ##.....
 Spellforged Servitor     Conj/Summ      #######...   65%         7    ######.
 Simulacrum               Ice/Necr       ######....   75%         6    ####...
 Agony                    Necr           ####....     80%         5    ##.....
 Blade Hands              Tmut           ####......   80%         5    ##.....
 Borgnjor's Vile Clutch   Necr/Erth      ####......   80%         5    ##.....
 Excruciating Wounds      Chrm/Necr      ####......   80%         5    ##.....
 Lee's Rapid Deconstruct  Erth           ####......   80%         5    ##.....
 Summon Mana Viper        Hex/Summ       ####....     80%         5    ##.....
 Yara's Violent Unravell  Hex/Tmut       ####......   80%         5    ##.....
 Tornado                  Air            ########..   99%         9    #######
 Darkness                 Hex            ####......   100%        6    ####...
 Death Channel            Necr           ####......   100%        6    ####...
 Eringya's Noxious Bog    Tmut/Pois      ####......   100%        6    ####...
 Hydra Form               Tmut           ####......   100%        6    ####...
 Invisibility             Hex            ####....     100%        6    ####...
 Shadow Creatures         Summ           N/A          100%        6    ####...
 Statue Form              Tmut/Erth      ####.....    100%        6    ####...
 Dragon Form              Tmut           ####......   100%        7    ######.
 Ring of Flames           Chrm/Fire      ####......   100%        7    ######.
 Summon Hydra             Summ           ####......   100%        7    ######.
 Controlled Blink         Tloc           N/A          100%        8    #######
 Ignition                 Fire           ####......   100%        8    #######
 Shatter                  Erth           ####......   100%        9    #######


Dungeon Overview and Level Annotations

Branches:
Dungeon (15/15)            Temple (1/1) D:6            Lair (6/6) D:10
  Swamp (4/4) Lair:4       Spider (4/4) Lair:3        Slime (0/5) Lair:5
    Orc (2/2) D:12            Elf (3/3) Orc:2        Vaults (5/5) D:13
  Crypt (1/3) Vaults:3     Depths (5/5) D:15            Zot (3/5) Depths:5
  Sewer (visited)          Bailey (visited)           IceCv (visited)

Altars:
Ashenzari
Cheibriados
Dithmenos
Elyvilon
Fedhas
Gozag
Hepliaklqana
Kikubaaqudgha
Makhleb
Nemelex Xobeh
Okawaru
Qazlal
Ru
Sif Muna
Trog
Uskayaw
Vehumet
Wu Jian
Xom
Yredelemnul
Zin
The Shining One
Beogh

Shops:
D:4 %   D:10 (   D:14 :   Orc:1 *   Orc:2 [!(?   Elf:2 }   Elf:3 *!!
Vaults:1 *   Vaults:2 **   Vaults:3 !   Vaults:5 !   Depths:1 ?   Depths:2 [
Depths:4 *

Portals:
Hell: Depths:1 Depths:2 Depths:3 Depths:4 Depths:5
Abyss: Depths:1 Depths:3 Depths:4
Pandemonium: Depths:3 Depths:5
Ziggurat: Depths:2
Trove: Elf:1 (give +8 demon blade)

Annotations:
D:2 1 runed translucent door, Crazy Yiuf
D:6 1 runed translucent door, PgLoLo's ghost, novice OgHu
D:12 1 runed translucent door
D:14 3 runed translucent doors, Zieg's ghost, journeyman GnEE
D:15 2 transporters, Osoypn's ghost, journeyman DEEE
Lair:6 1 runed translucent door
Swamp:3 2 transporters, CryoSword's ghost, adept GrEE
Spider:1 2 transporters, Wympuamu's ghost, journeyman DEFE
Spider:4 1 exclusion, Asterion
Elf:1 2 transporters, RamboRex's ghost, journeyman MiBe
Elf:2 3 runed translucent doors
Elf:3 1 runed translucent door, Onoura's ghost, adept CeHu
Vaults:2 Mennas
Depths:2 2 transporters
Depths:5 exclusion: door


Innate Abilities, Weirdness & Mutations

You have a beak for a mouth.
You have claws for feet.
You can fly continuously.
Armour fits poorly on your strangely shaped body.
Your body sometimes deteriorates upon taking damage.
Your magical capacity is very low. (-20% MP)
You passively map a small area around you.
You are covered in fur. (AC +1)
You evolve.
Your movements are slightly less encumbered by armour. (ER -2)


Message History

Unknown command.
Unknown command.
Unknown command.
Okay, then.
Unknown command.
Your blink will be uncontrolled - continue anyway?
The Orb prevents control of your translocation!
You blink.
As you read the scroll of blinking, it crumbles to dust.
The wandering mushroom disappears in a puff of smoke!
The deathcap disappears in a puff of smoke!
You feel you are being watched by something.
Unknown command.
Unknown command.
The curse toe calls on the powers of darkness!
Something is bathed in an unholy light!
Your body is wracked with pain!
* * * LOW HITPOINT WARNING * * *
You feel you are being watched by something.
The deathcap draws from the surrounding life force!
You die...

,*,,**#≈≈≈≈#*#.....#..#..#*,*,###
,#..##≈≈≈≈≈≈##.#####..#..#*,*,,..
*#..#≈≈≈≈≈≈.≈#...#*#..#,...,*,,,.
##.......≈≈...##.#,#...,*###*,**#
#..#≈≈≈≈.≈≈.≈.##.#,.....* *,###
...##≈≈≈.≈≈.≈.##.#,*....*****,#..
#...#............#,#,,,,*,,,,,###
#...#...≈≈≈....###.#,,,,*,**,,,,#
#...............@..#,..,*,,,,**,#
#.......###....#####...,*******,#
#.......##....f.f......,+,,,,,,,#
.....#####§zff....###.,,*,,,,***#
.....#####○ff.f.f.#******,,,,,**#
...(.....○#####.>.....* *,,,,,,,.
.....##≈#○# ####....# *,,,,,**#
.....#≈≈≈.######.*..:.# *,,,,,***
.....≈≈≈≈.☼..zz..,,.### *,,,,,,,,


You could see a curse toe, a deathcap (summoned) and a wandering mushroom
(summoned).

Vanquished Creatures
  An orb of fire (Zot:3)
  Mara (Swamp:4)
  A juggernaut (Depths:4)
  Boris (Crypt:1)
  Saint Roka (Orc:2)
  Margery (Vaults:2)
  Frederick (Crypt:1)
  A curse toe (Zot:2)
  11 golden dragons
  A profane servitor (Abyss:2)
  3 bone dragons
  Jorgrun (Swamp:2)
  19 tentacled monstrosities
  8 liches
  9 titans
  5 quicksilver dragons
  An ancient champion (Crypt:1)
  Frances (Elf:1)
  2 deep elf master archers (Elf:3)
  4 death cobs
  An Executioner (Abyss:3)
  17 tentacled starspawn
  8 sphinxes
  Donald (Orc:2)
  5 shadow dragons
  2 thorn hunters (Swamp:4)
  6 tengu reavers
  5 storm dragons
  7 fire giants
  A revenant (Crypt:1)
  5 draconian monks
  A balrug (Abyss:2)
  8 frost giants
  Aizul (Vaults:2)
  8 iron dragons
  7 deep elf elementalists
  4 deep elf sorcerers
  7 draconian scorchers
  2 ghost moths (Spider:4)
  5 draconian knights
  18 vault wardens
  6 draconian shifters
  4 cacodemons
  A curse skull (Crypt:1)
  2 emperor scorpions
  A reaper (Depths:3)
  17 ironheart preservers
  Louise (D:15)
  2 draconian stormcallers
  2 war gargoyles (Vaults:5)
  17 stone giants
  3 draconian annihilators
  7 spriggan defenders
  26 very ugly things
  An ophan (Abyss:3)
  2 entropy weavers
  An entropy weaver (shapeshifter) (Abyss:3)
  4 lorocyprocas
  8 black draconians
  6 vampire knights
  5 deep elf demonologists
  6 deep elf annihilators
  24 starcursed masses
  9 green draconians
  11 yellow draconians
  8 spark wasps
  12 white draconians
  6 red draconians
  7 purple draconians
  A merfolk impaler (Depths:4)
  7 deep elf death magi
  6 blizzard demons
  14 ettins
  5 deep elf high priests
  A crystal guardian (Abyss:3)
  12 fire dragons
  Snorg (Orc:1)
  7 jiangshi
  A quicksilver dragon zombie (Abyss:1)
  Fannar (Orc:1)
  Erolcha (D:10)
  4 rakshasas
  8 great orbs of eyes
  22 yaktaur captains
  27 vault guards
  2 naga warriors (Abyss:3)
  10 ice dragons
  18 hydras
  2 spriggan air magi (Depths:3)
  4 shambling mangroves
  A ghost crab (Swamp:3)
  The ghost of Ummyafucac the Spear-Bearer, a journeyman OpWz of Sif Muna (D:12)
  The ghost of Zydetren the Martial Artist, a journeyman OpAr of Cheibriados (D:10)
  An anaconda (shapeshifter) (Vaults:5)
  15 alligators
  14 dancing weapons
  A queen ant (D:9)
  8 centaur warriors
  2 death knights
  39 two-headed ogres
  8 deep troll shamans
  5 death yaks
  11 ogre magi
  2 tengu warriors
  4 orc high priests
  2 titan zombies
  2 hell hogs (Abyss:3)
  11 deep troll earth magi
  5 spriggan berserkers
  26 thrashing horrors
  2 vampire magi
  23 deep elf knights
  A soul eater (Abyss:3)
  31 large abominations
  A shadow wraith (Abyss:3)
  3 iron trolls (Depths:4)
  3 sun demons
  21 wretched stars
  8 sixfirhies
  9 hell knights
  2 spriggan druids (Swamp:4)
  31 deep trolls
  2 fire crabs (shapeshifter)
  3 glowing orange brains
  9 skeletal warriors
  2 spatial maelstroms (Abyss:3)
  A gelid demonspawn (Depths:3)
  An unseen horror (shapeshifter) (Vaults:4)
  A death drake (shapeshifter) (Vaults:4)
  5 unseen horrors
  6 wizards
  A lindwurm (Lair:6)
  7 swamp dragons
  An anaconda zombie (Abyss:2)
  A shadow demon (Abyss:3)
  3 flayed ghosts
  14 deep elf archers
  3 spectral hydras
  9 phantasmal warriors
  10 ironbrand convokers
  A harpy (shapeshifter) (Vaults:4)
  8 harpies
  4 orb spiders (shapeshifter)
  7 necromancers
  22 orc knights
  An iron dragon zombie (Crypt:1)
  5 oklob plants
  21 orb spiders
  A shadow dragon skeleton (Abyss:2)
  44 ugly things
  A salamander (Depths:4)
  9 orc sorcerers
  2 cyclopes
  A manticore (shapeshifter) (Depths:4)
  31 wolf spiders
  57 deep elf magi
  2 manticores
  6 worldbinders
  5 elephants (Lair:6)
  5 rust devils
  13 moths of wrath
  A guardian serpent (Abyss:3)
  A guardian serpent (shapeshifter) (Vaults:4)
  4 apocalypse crabs
  A gargoyle (D:15)
  2 spiny frogs (shapeshifter)
  5 black mambas
  12 spiny frogs
  13 vault sentinels
  7 orange demons
  3 ice statues (IceCv)
  5 torpor snails (Lair:6)
  4 smoke demons
  A kobold demonologist (D:15)
  6 komodo dragons
  4 centaur skeletons
  15 demonic crawlers
  8 efreet
  13 freezing wraiths
  60 yaktaurs
  A swamp worm zombie (Crypt:1)
  2 yaktaurs (shapeshifter)
  4 hellwings (Abyss:3)
  3 tengu conjurers
  2 anaconda simulacra (IceCv)
  3 death drake zombies (Swamp:4)
  13 ice devils
  8 ancient zymes
  5 rime drakes
  A red devil (Abyss:2)
  A meliai (shapeshifter) (D:15)
  3 hydra zombies (Swamp:4)
  15 tyrant leeches
  17 jumping spiders
  2 golden dragon simulacra (IceCv)
  A jumping spider (shapeshifter) (Depths:4)
  12 trolls
  11 polar bears
  A polar bear (shapeshifter) (Vaults:5)
  3 meliai (D:13)
  41 slime creatures
  15 blink frogs
  A death drake skeleton (Swamp:4)
  11 raiju
  41 hornets
  5 bog bodies
  12 hippogriffs
  A hydra skeleton (Swamp:4)
  A dream sheep (shapeshifter) (D:15)
  A raiju (shapeshifter) (Vaults:4)
  A meliai zombie (D:13)
  8 dream sheep
  13 flying skulls
  6 wraiths
  78 redbacks
  A redback (shapeshifter) (Depths:5)
  13 spriggans
  2 vampires
  A dire elephant simulacrum (IceCv)
  29 tarantellas
  14 water elementals
  2 air elementals
  5 shadows
  A tarantella (shapeshifter) (Depths:4)
  36 yaks
  5 ynoxinuls
  5 basilisks
  A human (shapeshifter) (Vaults:3)
  A hog (shapeshifter) (Vaults:2)
  A tyrant leech zombie (Crypt:1)
  A yak (shapeshifter) (Vaults:2)
  A fire elemental (Elf:2)
  A basilisk (shapeshifter) (Depths:1)
  9 neqoxecs
  A wyvern (Lair:4)
  3 hungry ghosts
  11 chaos spawn
  11 vampire mosquitoes
  Menkaure (D:6)
  A steam dragon (Lair:3)
  15 swamp worms
  A harpy simulacrum (IceCv)
  A two-headed ogre zombie (Crypt:1)
  A spatial vortex (Abyss:3)
  An iron troll simulacrum (IceCv)
  16 soldier ants
  2 nagas (Abyss:3)
  37 insubstantial wisps
  5 wargs
  An acid dragon (Vaults:2)
  15 water moccasins
  12 porcupines
  19 hell hounds
  4 hydra simulacra
  48 orc warriors
  14 black bears
  6 sky beasts
  9 swamp drakes
  3 ettin simulacra
  7 ice beasts
  13 boggarts
  An eye of draining (D:15)
  A necrophage (D:8)
  28 wolves
  2 phantoms
  2 swamp dragon zombies (Swamp:4)
  A boggart (shapeshifter) (Depths:3)
  22 centaurs
  18 crocodiles
  39 ogres
  A snapping turtle skeleton (Abyss:3)
  A manticore skeleton (Abyss:3)
  13 bullfrogs
  8 big kobolds
  27 small abominations
  13 gnoll sergeants
  4 earth elementals
  A wyvern zombie (D:11)
  4 scorpions
  A snapping turtle simulacrum (Abyss:2)
  18 wights
  An orc simulacrum (Vaults:1)
  A human simulacrum (Vaults:1)
  51 killer bees
  A howler monkey (D:5)
  7 electric eels
  9 crimson imps
  3 bullfrog zombies
  4 quasits
  8 jellies
  35 orc wizards
  2 centaur zombies
  6 gnoll shamans (Bailey)
  24 orc priests
  9 hounds
  3 iron imps
  4 bullfrog skeletons
  4 iguanas
  28 worker ants
  A hell rat (Lair:2)
  3 polar bear simulacra (Lair:3)
  4 yak simulacra (Lair:3)
  3 wolf simulacra (Lair:3)
  A demigod zombie (Crypt:1)
  An acid dragon skeleton (Crypt:1)
  A tengu skeleton (Abyss:3)
  2 hound zombies
  2 hound skeletons
  A worker ant zombie (D:6)
  26 gnolls
  A steam dragon zombie (Crypt:1)
  16 adders
  5 shadow imps
  6 white imps
  3 ufetubi (Abyss:3)
  3 oozes
  2 adder skeletons
  An adder zombie (D:5)
  5 worms
  3 dart slugs
  8 leopard geckos
  110 orcs
  6 giant cockroaches
  17 goblins
  4 hobgoblins
  12 jackals
  17 kobolds
  3 quokkas
  5 ball pythons
  6 bats
  9 frilled lizards
  A leopard gecko zombie (D:5)
  A quokka zombie (D:8)
  3 rats
  A river rat simulacrum (Lair:3)
  A lurking horror (Abyss:3)
  3 plants
  5 starspawn tentacles
2766 creatures vanquished.

Vanquished Creatures (others)
  A hell hog (Abyss:3)
  An ugly thing (Depths:5)
  A warg (Orc:2)
  2 ogres (Vaults:5)
  A crocodile (Lair:4)
  A small abomination (Abyss:3)
  A shadow imp (D:15)
  An orc (Orc:1)
  A kobold (D:2)
  26 fungi
  43 plants
  50 starspawn tentacles
129 creatures vanquished.

Grand Total: 2895 creatures vanquished

Notes
Turn   | Place    | Note
-------+----------+-------------------------------------------
     0 | D:1      | Baz the Tengu Air Elementalist began the quest for the Orb.
     0 | D:1      | Reached XP level 1. HP: 10/10 MP: 4/4
   208 | D:1      | Reached XP level 2. HP: 15/15 MP: 1/6
   787 | D:1      | Reached XP level 3. HP: 20/20 MP: 4/7
   968 | D:1      | Reached skill level 1 in Fighting
  1578 | D:2      | Found a white marble altar of Elyvilon.
  1734 | D:2      | Learned a level 3 spell: Static Discharge
  1986 | D:2      | Reached XP level 4. HP: 25/25 MP: 6/8
  2111 | D:2      | Found a runed translucent door.
  2112 | D:2      | Noticed Crazy Yiuf
  2726 | D:3      | Reached skill level 5 in Air Magic
  2778 | D:3      | Found a glowing drain.
  2809 | Sewer    | Entered a sewer
  2995 | Sewer    | Noticed Purgy
  3000 | Sewer    | Gained mutation: You are partially covered in icy blue
                  | scales. (AC +2) [potion of mutation]
  3000 | Sewer    | Gained mutation: You have a pair of small horns on your
                  | head. [potion of mutation]
  3171 | Sewer    | Learned a level 2 spell: Swiftness
  3441 | D:3      | Gained mutation: You can fly continuously. [Tengu growth]
  3441 | D:3      | Reached XP level 5. HP: 29/29 MP: 6/9
  4480 | D:3      | Noticed an ice beast
  4488 | D:3      | Killed an ice beast
  4488 | D:3      | Reached XP level 6. HP: 36/36 MP: 3/11
  4932 | D:4      | Found Cuasim's Food Boutique.
  5201 | D:4      | Found a shadowy altar of Dithmenos.
  5485 | D:4      | Reached XP level 7. HP: 37/40 MP: 5/13
  5551 | D:4      | Learned a level 4 spell: Airstrike
  5705 | D:4      | Found a sacrificial altar of Ru.
  5754 | D:4      | Reached skill level 5 in Conjurations
  5914 | D:5      | Entered Level 5 of the Dungeon
  6106 | D:5      | Found a blossoming altar of Fedhas.
  6347 | D:5      | Reached XP level 8. HP: 44/47 MP: 4/15
  6631 | D:5      | Found a shadowy altar of Dithmenos.
  7983 | D:6      | Noticed a hippogriff
  8203 | D:6      | Killed a hippogriff
  8203 | D:6      | Reached skill level 10 in Air Magic
  8203 | D:6      | Reached XP level 9. HP: 53/53 MP: 4/17
  8319 | D:6      | Found a staircase to the Ecumenical Temple.
  8329 | Temple   | Entered the Ecumenical Temple
  8496 | Temple   | Became a worshipper of Warmaster Okawaru
  8544 | D:6      | Reached skill level 5 in Spellcasting
  8630 | D:6      | Noticed Menkaure
  8638 | D:6      | Killed Menkaure
  8638 | D:6      | Reached skill level 1 in Armour
  8930 | D:6      | Reached skill level 5 in Fighting
  9658 | D:6      | Reached skill level 2 in Armour
  9845 | D:6      | Got a turquoise-encrusted chain mail
  9852 | D:6      | Learned a level 5 spell: Lightning Bolt
  9949 | D:6      | Found a shimmering altar of Xom.
  9949 | D:6      | Found a burning altar of Makhleb.
 10140 | D:6      | Found a runed translucent door.
 10142 | D:6      | Noticed PgLoLo's ghost (novice OgHu)
 10625 | D:7      | Found a sparkling altar of Nemelex Xobeh.
 10643 | D:7      | You are sucked into a shaft and drop 2 floors!
 10644 | D:9      | Noticed a two-headed ogre
 10670 | D:9      | Reached * piety under Okawaru
 10670 | D:9      | Reached skill level 1 in Long Blades
 10893 | D:8      | Reached skill level 3 in Armour
 11271 | D:8      | Noticed a two-headed hydra
 11293 | D:8      | You are sucked into a shaft and drop 1 floor!
 11603 | D:9      | Reached XP level 10. HP: 48/59 MP: 10/19
 11832 | D:9      | Identified the +3 chain mail "Juonkin" {rPois rC+ Str-2}
                  | (You found it on level 6 of the Dungeon)
 11840 | D:9      | Found an opulent altar of Gozag.
 11844 | D:9      | Found a glowing silver altar of Zin.
 11847 | D:9      | Found a radiant altar of Vehumet.
 11848 | D:9      | Found a shimmering blue altar of Sif Muna.
 11848 | D:9      | Found a shattered altar of Ashenzari.
 11933 | D:8      | Killed a two-headed hydra
 11933 | D:8      | Reached ** piety under Okawaru
 11933 | D:8      | Reached skill level 4 in Armour
 11933 | D:8      | Reached skill level 10 in Conjurations
 12449 | D:8      | Noticed a two-headed ogre
 12493 | D:8      | Killed a two-headed ogre
 12493 | D:8      | Reached *** piety under Okawaru
 12493 | D:8      | Reached skill level 5 in Armour
 13592 | D:8      | Reached **** piety under Okawaru
 13686 | D:8      | Reached XP level 11. HP: 59/64 MP: 14/22
 14822 | D:7      | Reached skill level 5 in Long Blades
 14898 | D:7      | Found a hazy altar of Hepliaklqana.
 14925 | D:7      | Found an ornate altar of the Wu Jian Council.
 15524 | D:9      | Reached skill level 1 in Invocations
 15850 | D:9      | Reached skill level 6 in Armour
 16868 | D:9      | Received a gift from Okawaru
 17384 | D:9      | Noticed a queen ant
 17480 | D:9      | Killed a queen ant
 17480 | D:9      | Reached ***** piety under Okawaru
 17480 | D:9      | Received a gift from Okawaru
 18089 | D:9      | Learned a level 1 spell: Apportation
 18361 | D:9      | Noticed a two-headed ogre
 18799 | D:9      | Killed a two-headed ogre
 19034 | D:9      | Killed a two-headed ogre
 19034 | D:9      | Reached skill level 7 in Armour
 19336 | D:10     | Entered Level 10 of the Dungeon
 19339 | D:10     | Found a large runed translucent door.
 19339 | D:10     | Found a large runed translucent door.
 19343 | D:10     | Noticed Zydetren's ghost (journeyman OpAr)
 19361 | D:10     | Noticed a two-headed ogre
 19368 | D:10     | Killed a two-headed ogre
 19452 | D:10     | Reached skill level 5 in Invocations
 19597 | D:10     | Reached XP level 12. HP: 51/68 MP: 13/25
 19612 | D:10     | Found a staircase to the Lair.
 19670 | D:10     | Found a flagged portal.
 19692 | Bailey   | Entered a bailey
 20514 | Bailey   | Paralysed by a gnoll sergeant for 2 turns
 20907 | D:10     | Found Quirouf's Antique Weapon Shop.
 20910 | D:10     | Bought a dazzling rapier for 315 gold pieces
 20915 | D:10     | Identified the +8 rapier of Fuclip {flame, MP+9} (You
                  | bought it in a shop on level 10 of the Dungeon)
 21444 | D:10     | Reached skill level 8 in Armour
 21504 | D:10     | Noticed Erolcha
 21506 | D:10     | Paralysed by Erolcha for 5 turns
 21513 | D:10     | Killed Erolcha
 21513 | D:10     | Received a gift from Okawaru
 21514 | D:10     | Got a fine scimitar {god gift}
 21515 | D:10     | Identified the +5 scimitar of Chagrin {vorpal, MR+}
                  | (Okawaru gifted it to you on level 10 of the Dungeon)
 21808 | D:10     | Killed Zydetren's ghost
 21878 | D:10     | Got a pitted marble ring
 21879 | D:10     | Identified the cursed ring of Guirivy {Dex-4 SInv Stlth+}
                  | (You found it on level 10 of the Dungeon)
 21957 | D:11     | Reached ****** piety under Okawaru
 22202 | Lair:1   | Entered Level 1 of the Lair of Beasts
 22900 | Lair:1   | Found a burning altar of Makhleb.
 23742 | Lair:2   | Reached skill level 9 in Armour
 23876 | Lair:2   | Received a gift from Okawaru
 24331 | Lair:2   | Reached XP level 13. HP: 63/78 MP: 16/27
 25282 | Lair:3   | Found a hole to the Spider Nest.
 26895 | Lair:4   | Found a burning altar of Makhleb.
 26925 | Lair:4   | Reached skill level 10 in Armour
 27138 | Lair:4   | Found a staircase to the Swamp.
 28359 | Lair:3   | Reached skill level 10 in Spellcasting
 28761 | Lair:4   | Reached skill level 10 in Long Blades
 28824 | Lair:3   | Received a gift from Okawaru
 29977 | Lair:4   | Got a blackened whip
 29978 | Lair:4   | Identified the +4 whip of Pooria {flame, Dex+2} (You found
                  | it on level 4 of the Lair of Beasts)
 30088 | Lair:4   | Reached skill level 5 in Dodging
 30509 | Lair:4   | Reached XP level 14. HP: 50/86 MP: 27/29
 31052 | Lair:5   | Found a staircase to the Slime Pits.
 31389 | Lair:6   | Entered Level 6 of the Lair of Beasts
 31407 | Lair:6   | Found a runed translucent door.
 31713 | Lair:6   | Received a gift from Okawaru
 32943 | Lair:6   | Reached skill level 10 in Fighting
 33067 | Lair:6   | Received a gift from Okawaru
 35872 | D:11     | Reached XP level 15. HP: 93/93 MP: 18/31
 36347 | D:11     | Received a gift from Okawaru
 36350 | D:11     | Got a faintly glowing glaive {god gift}
 36711 | D:11     | Found a shattered altar of Ashenzari.
 36715 | D:11     | Saw a vision of the Swamp and the Spider Nest.
 36909 | D:12     | Learned a level 6 spell: Freezing Cloud
 37149 | D:12     | Reached skill level 1 in Ice Magic
 37614 | D:12     | Found a runed translucent gate.
 37617 | D:12     | Found a runed translucent gate.
 37618 | D:12     | Found a runed translucent gate.
 37627 | D:12     | Noticed Ummyafucac's ghost (journeyman OpWz)
 37772 | D:12     | Found a staircase to the Orcish Mines.
 37868 | D:12     | Found a runed translucent door.
 37868 | D:12     | Noticed a tengu reaver
 37873 | D:12     | Noticed a sphinx
 37873 | D:12     | Noticed a sphinx
 37873 | D:12     | Noticed an orc warlord
 37873 | D:12     | Noticed a tengu reaver
 38027 | D:12     | Killed Ummyafucac's ghost
 38087 | D:12     | Got a slimy scimitar
 38088 | D:12     | Identified the +8 scimitar of Suusah {protect, *Slow MR+
                  | Dex+6} (You found it on level 12 of the Dungeon)
 38145 | Orc:1    | Entered Level 1 of the Orcish Mines
 38192 | Orc:1    | Noticed Snorg
 38207 | Orc:1    | Killed Snorg
 38207 | Orc:1    | Reached skill level 1 in Shields
 38418 | Orc:2    | Entered Level 2 of the Orcish Mines
 39244 | Orc:2    | Found a staircase to the Elven Halls.
 39250 | Orc:2    | Received a gift from Okawaru
 39554 | Orc:2    | Noticed Donald
 39582 | Orc:2    | Killed Donald
 39756 | Orc:2    | Noticed Saint Roka
 40618 | Orc:1    | Noticed Fannar
 40653 | Orc:1    | Killed Fannar
 40895 | Orc:1    | Found Fisafuv's General Store.
 41124 | Orc:1    | Bought the +2 shield of Resistance {rF+ rC+ MR+} for 493
                  | gold pieces
 41124 | Orc:1    | Found the +2 shield of Resistance {rF+ rC+ MR+}
 41303 | D:10     | Bought the +12 Vampire's Tooth {vamp} for 2100 gold pieces
 41303 | D:10     | Found the +12 Vampire's Tooth {vamp}
 42315 | D:13     | Got a sparkling lead ring
 42490 | D:13     | Found a roughly hewn altar of Beogh.
 42676 | D:13     | Found a gate to the Vaults.
 43225 | D:14     | Found Mewawemi's Book Shop.
 43236 | D:14     | Bought a book of Minor Magic for 360 gold pieces
 43239 | D:14     | Learned a level 2 spell: Blink
 43404 | D:14     | Reached XP level 16. HP: 98/101 MP: 32/32
 43440 | D:14     | Received a gift from Okawaru
 43517 | D:15     | Entered Level 15 of the Dungeon
 43517 | D:15     | Found a transporter.
 43522 | D:15     | Found a transporter.
 43526 | D:15     | Noticed Osoypn's ghost (journeyman DEEE)
 43566 | D:15     | Reached skill level 1 in Translocations
 43930 | D:15     | Identified the ring of Rizeafel {Str+5 Int+6} (You found it
                  | on level 13 of the Dungeon)
 44391 | D:14     | Found a runed translucent gate.
 44391 | D:14     | Identified the +2 leather armour of Gestures {rF+}
 44392 | D:14     | Found a runed translucent gate.
 44393 | D:14     | Found a runed translucent gate.
 44395 | D:14     | Noticed Zieg's ghost (journeyman GnEE)
 44399 | D:14     | Found an iron altar of Okawaru.
 44682 | D:15     | Reached skill level 5 in Shields
 44851 | D:15     | Noticed Louise
 44854 | D:15     | Cast into level 2 of the Abyss (Louise)
 44999 | Abyss:2  | Found a corrupted altar of Lugonu.
 45088 | Abyss:2  | Reached skill level 5 in Ice Magic
 45423 | Abyss:2  | Noticed a tentacled starspawn
 45440 | Abyss:2  | Killed a tentacled starspawn
 45461 | D:15     | Escaped the Abyss
 46027 | Swamp:1  | Entered Level 1 of the Swamp
 47428 | Swamp:2  | Reached skill level 11 in Armour
 47986 | Swamp:2  | Noticed Jorgrun
 48020 | Swamp:2  | Killed Jorgrun
 48940 | Swamp:3  | Reached skill level 12 in Armour
 49178 | Swamp:3  | Found a transporter.
 49185 | Swamp:3  | Found a transporter.
 49188 | Swamp:3  | Identified the cursed +1 chain mail "Diwiniyb" {rPois rF+++
                  | Str+3 Dex-3}
 49192 | Swamp:3  | Reached XP level 17. HP: 108/108 MP: 18/33
 49193 | Swamp:3  | Noticed CryoSword's ghost (adept GrEE)
 50109 | Swamp:4  | Entered Level 4 of the Swamp
 50111 | Swamp:4  | Received a gift from Okawaru
 50228 | Swamp:4  | Noticed Mara
 50236 | Swamp:4  | Noticed Baz's illusion
 51176 | Swamp:4  | Reached skill level 13 in Armour
 51930 | Swamp:4  | Noticed Baz's illusion
 52058 | Swamp:4  | Killed Mara
 52058 | Swamp:4  | Received a gift from Okawaru
 52941 | Swamp:4  | Found a basalt altar of Yredelemnul.
 53095 | Swamp:3  | Reached skill level 14 in Armour
 53722 | Swamp:4  | Found a blossoming altar of Fedhas.
 54011 | Swamp:4  | Got a decaying rune of Zot
 54608 | Orc:2    | Killed Saint Roka
 54977 | Orc:2    | Reached skill level 10 in Shields
 54977 | Orc:2    | Reached XP level 18. HP: 101/116 MP: 20/34
 54981 | Orc:2    | Found Ygoafol's Armour Boutique.
 55080 | Orc:2    | Received a gift from Okawaru
 55584 | Orc:2    | Found Othoag's Distillery.
 55585 | Orc:2    | Found Daojinnu's Magic Scroll Shoppe.
 55585 | Orc:2    | Found Oracseaph's Antique Weapon Shoppe.
 55622 | Orc:2    | Bought 2 potions of brilliance for 88 gold pieces
 56500 | D:15     | Killed Louise
 56610 | D:15     | Found a staircase to the Depths.
 56924 | Spider:1 | Entered Level 1 of the Spider Nest
 57121 | Spider:1 | Got a warped rapier
 57550 | Spider:1 | Received a gift from Okawaru
 57986 | Spider:1 | Identified the +2 rapier of Blind Justice {distort, +Blink
                  | rElec rC+ MR-} (You found it on level 1 of the Spider Nest)
 58030 | Spider:1 | Gained mutation: You are frail. (-10% HP) [mutagenic glow]
 58055 | Spider:1 | Gained mutation: You tend to lose your temper in combat.
                  | [mutagenic glow]
 58056 | Spider:1 | Lost mutation: You tend to lose your temper in combat.
                  | [potion of mutation]
 58056 | Spider:1 | Lost mutation: You are frail. (-10% HP) [potion of
                  | mutation]
 58056 | Spider:1 | Lost mutation: You have a pair of small horns on your head.
                  | [potion of mutation]
 58056 | Spider:1 | Lost mutation: You are partially covered in icy blue
                  | scales. (AC +2) [potion of mutation]
 58056 | Spider:1 | Gained mutation: You are weak. (Str -2) [potion of
                  | mutation]
 58056 | Spider:1 | Gained mutation: You evolve. [potion of mutation]
 58256 | Spider:1 | Noticed Wympuamu's ghost (journeyman DEFE)
 58268 | Spider:1 | Found a transporter.
 58272 | Spider:1 | Found the +2 ratskin cloak {+Rats rPois rN+ Str-1 Int-1
                  | Dex+1}
 58285 | Spider:1 | Found a transporter.
 58631 | Spider:2 | Gained mutation: You rapidly evolve. [evolution]
 59606 | Spider:2 | Got a wavering iron ring
 59634 | Spider:2 | Received a gift from Okawaru
 61421 | Spider:3 | Received a gift from Okawaru
 61652 | Spider:4 | Entered Level 4 of the Spider Nest
 61819 | Spider:4 | Found a frozen archway.
 61828 | IceCv    | Entered an ice cave
 62889 | IceCv    | Reached XP level 19. HP: 122/122 MP: 26/35
 63776 | IceCv    | Got a faintly humming scale mail
 63787 | IceCv    | Identified the +3 scale mail "Nemem" {Str+3 Int-2} (You
                  | found it in an ice cave)
 63794 | IceCv    | Got a pitted ring mail
 63800 | IceCv    | Identified the +1 ring mail "Jamocw" {Regen+ Int+9} (You
                  | found it in an ice cave)
 64020 | Spider:4 | Noticed Asterion
 65087 | Spider:4 | Received a gift from Okawaru
 65278 | Spider:4 | Reached skill level 15 in Fighting
 66108 | Spider:4 | Got a gossamer rune of Zot
 66688 | Depths:1 | Entered Level 1 of the Depths
 66902 | Depths:1 | Identified the ring of Symmetry {rN+ rCorr Dex+6} (You
                  | found it on level 2 of the Spider Nest)
 66951 | Depths:1 | Gained mutation: You are covered in fur. (AC +1)
                  | [evolution]
 67141 | Vaults:1 | Entered Level 1 of the Vaults
 67506 | Vaults:1 | Received a gift from Okawaru
 68185 | Vaults:1 | Paralysed by a sphinx for 5 turns
 68419 | Vaults:1 | Learned a level 7 spell: Orb of Destruction
 69298 | Vaults:1 | Received a gift from Okawaru
 69689 | Vaults:1 | Found Abruxoec's General Store.
 70520 | Vaults:2 | Reached XP level 20. HP: 131/131 MP: 27/36
 71150 | Vaults:1 | Reached skill level 15 in Shields
 71332 | Vaults:2 | Found the +3 giant club "Skullcrusher" {speed, Str+7}
 71457 | Vaults:2 | Received a gift from Okawaru
 71499 | Vaults:2 | Identified the +5 ring mail of Pimpyhazi {Regen+ Int+4}
                  | (Okawaru gifted it to you on level 2 of the Vaults)
 71800 | Vaults:2 | Found Noovodaqe's General Store.
 72195 | Vaults:2 | Noticed Aizul
 72214 | Vaults:2 | Killed Aizul
 72400 | Vaults:2 | Noticed Mennas
 72526 | Vaults:2 | Gained mutation: Your movements are slightly less
                  | encumbered by armour. (ER -2) [evolution]
 72597 | Vaults:2 | Found Xootsou's General Store.
 73362 | Vaults:3 | Reached skill level 15 in Armour
 73590 | Vaults:2 | Noticed Margery
 73607 | Vaults:2 | Killed Margery
 73607 | Vaults:2 | Received a gift from Okawaru
 73714 | Vaults:3 | Found a staircase to the Crypt.
 73714 | Vaults:3 | Found an ancient bone altar of Kikubaaqudgha.
 73714 | Vaults:3 | Found a basalt altar of Yredelemnul.
 74477 | Vaults:3 | Reached XP level 21. HP: 137/137 MP: 23/37
 74565 | Vaults:3 | Found Itui's Distillery.
 75202 | Vaults:3 | Reached skill level 16 in Armour
 75684 | Vaults:4 | Received a gift from Okawaru
 75881 | Vaults:4 | Received a gift from Okawaru
 76445 | Vaults:4 | Reached skill level 15 in Conjurations
 76546 | Vaults:4 | Reached skill level 17 in Armour
 77352 | Vaults:4 | Lost mutation: You rapidly evolve. [evolution]
 77632 | Vaults:4 | Received a gift from Okawaru
 77915 | Elf:1    | Entered Level 1 of the Elven Halls
 78216 | Elf:1    | Noticed Frances
 78224 | Elf:1    | Killed Frances
 78370 | Elf:1    | Found a transporter.
 78373 | Elf:1    | Noticed RamboRex's ghost (journeyman MiBe)
 78416 | Elf:1    | Found a transporter.
 78425 | Elf:1    | Found a portal to a secret trove of treasure.
 78520 | Elf:1    | Reached XP level 22. HP: 122/144 MP: 29/38
 79438 | Elf:2    | Found a runed translucent gate.
 79441 | Elf:2    | Found Viurhagh's Gadget Boutique.
 79441 | Elf:2    | Identified the +8 falchion of the Illusory Shrikes {flame,
                  | MP+9 Dex+4}
 79475 | Elf:2    | Received a gift from Okawaru
 79476 | Elf:2    | Found the +5 robe of Misfortune {*Contam Harm *Corrode
                  | *Drain *Slow EV+5}
 79485 | Elf:2    | Found a runed translucent gate.
 79613 | Elf:2    | Found the +3 warlock's mirror {reflect}
 80132 | Elf:2    | Reached skill level 18 in Armour
 80514 | Elf:2    | Found a runed translucent gate.
 80693 | Elf:3    | Entered Level 3 of the Elven Halls
 80719 | Elf:3    | Found an ancient bone altar of Kikubaaqudgha.
 80765 | Elf:3    | Found Ceossad's General Store.
 80773 | Elf:3    | Bought a manual of Fighting for 1876 gold pieces
 81312 | Elf:3    | Found a runed translucent door.
 81312 | Elf:3    | Found a shimmering altar of Xom.
 81312 | Elf:3    | Noticed Onoura's ghost (adept CeHu)
 81462 | Elf:3    | Found Fothrei's Distillery.
 81525 | Elf:3    | Found Getoat's Distillery.
 81628 | Elf:3    | Reached skill level 15 in Long Blades
 82464 | Elf:3    | Received a gift from Okawaru
 82465 | Elf:3    | Got a dazzling shortbow {god gift}
 82508 | Elf:3    | Identified the +1 buckler of Quiet Fog {-Tele Harm Str+3}
 83541 | Elf:3    | Identified the ring "Moll" {rC++ Str+6}
 83618 | Elf:3    | Identified the Compendium of Shifting Orientation
 83907 | Orc:1    | Bought a +1 double sword of venom for 300 gold pieces
 84156 | Depths:1 | Found Xiydaex's Magic Scroll Boutique.
 84167 | Depths:1 | Bought a scroll of acquirement for 624 gold pieces
 84273 | Depths:1 | Found a gateway to Hell.
 84850 | Depths:1 | Found a one-way gate to the infinite horrors of the Abyss.
 85010 | Depths:2 | Reached XP level 23. HP: 149/152 MP: 21/39
 85017 | Depths:1 | Paralysed by a vampire knight for 3 turns
 85417 | Depths:2 | Found a gateway to a ziggurat.
 85482 | Depths:2 | Found a snail-covered altar of Cheibriados.
 85826 | Depths:2 | Reached skill level 19 in Armour
 85832 | Depths:2 | Received a gift from Okawaru
 86446 | Depths:2 | Found Xussoaf's Armour Shoppe.
 86454 | Depths:2 | Bought the +1 pair of gloves "Lamar" {Str+8} for 732 gold
                  | pieces
 86563 | Depths:2 | Noticed a caustic shrike
 86576 | Depths:2 | Noticed a golden dragon
 86578 | Depths:2 | Found a transporter.
 86730 | Depths:2 | Found a transporter.
 87251 | Depths:3 | Received a gift from Okawaru
 87447 | Depths:3 | Found a one-way gate leading to the halls of Pandemonium.
 88026 | Depths:3 | Reached skill level 10 in Dodging
 88134 | Depths:3 | Lost mutation: You are weak. (Str -2) [evolution]
 89248 | Depths:3 | Noticed a golden dragon
 89262 | Depths:3 | Killed a golden dragon
 90062 | Depths:4 | Found Dylagow's Desiderata Depot.
 90320 | Depths:3 | Received a gift from Okawaru
 91054 | Depths:4 | Reached skill level 20 in Armour
 91096 | Depths:4 | Reached XP level 24. HP: 160/160 MP: 39/39
 91565 | Depths:4 | Found the +0 pair of fencer's gloves {Riposte Dex+3}
 91866 | Depths:4 | Found the +8 orange crystal plate armour {Archmagi, Int+3
                  | Clar}
 91866 | Depths:4 | Got the +8 orange crystal plate armour {Archmagi, Int+3
                  | Clar}
 92103 | Depths:4 | Received a gift from Okawaru
 92316 | Depths:4 | Identified the Collected Works on Unholy Displacement
 92959 | Depths:4 | Noticed a juggernaut
 92973 | Depths:4 | Killed a juggernaut
 93254 | Depths:5 | Entered Level 5 of the Depths
 93433 | Depths:5 | Reached skill level 21 in Armour
 94859 | Depths:5 | Received a gift from Okawaru
 95545 | Depths:5 | Reached XP level 25. HP: 168/168 MP: 39/39
 96242 | Depths:5 | Found a gate to the Realm of Zot.
 96495 | Depths:4 | Voluntarily entered the Abyss.
 96688 | Abyss:2  | Found a corrupted altar of Lugonu.
 96883 | Abyss:3  | Gained mutation: Your body sometimes deteriorates upon
                  | taking damage. [a neqoxec]
 97074 | Abyss:3  | Gained mutation: Your magical capacity is low. (-10% MP) [a
                  | neqoxec]
 97082 | Abyss:3  | Gained mutation: Your spells are a little easier to cast,
                  | but a little less powerful. [a neqoxec]
 97087 | Depths:4 | Escaped the Abyss
 97090 | Depths:4 | Gained mutation: You are dopey. (Int -2) [a cacodemon]
 97359 | Depths:4 | Voluntarily entered the Abyss.
 97408 | Abyss:1  | Got a warped copper amulet
 97412 | Abyss:1  | Identified the amulet "Hopsedgh" {Inacc rElec MR+ Int-2}
                  | (You found it on level 1 of the Abyss)
 97758 | Abyss:1  | Reached skill level 22 in Armour
 97850 | Abyss:1  | Received a gift from Okawaru
 97854 | Depths:4 | Escaped the Abyss
 98282 | Depths:1 | Voluntarily entered the Abyss.
 98984 | Abyss:2  | Gained mutation: Armour fits poorly on your strangely
                  | shaped body. [a neqoxec]
 99160 | Abyss:2  | Received a gift from Okawaru
 99178 | Abyss:2  | Identified the +3 scimitar "Ifiomm" {flame, rPois rF+ Int+3
                  | Dex+2} (Okawaru gifted it to you on level 2 of the Abyss)
 99873 | Abyss:3  | Reached XP level 26. HP: 150/176 MP: 35/35
100179 | Abyss:3  | Received a gift from Okawaru
100722 | Abyss:3  | Reached skill level 23 in Armour
100788 | Abyss:3  | Paralysed by accursed screaming for 2 turns
100797 | Abyss:3  | Paralysed by accursed screaming for 1 turns
101091 | Depths:1 | Escaped the Abyss
101465 | Crypt:1  | Entered Level 1 of the Crypt
101482 | Crypt:1  | Identified the Disquisition on Poisonous Heat
101500 | Crypt:1  | Noticed Boris
101513 | Crypt:1  | Killed Boris
101718 | Crypt:1  | Noticed Frederick
101734 | Crypt:1  | Killed Frederick
102333 | Crypt:1  | Received a gift from Okawaru
102514 | Crypt:1  | Identified the Reference Book on Beguiling
102992 | Vaults:5 | Entered Level 5 of the Vaults
103159 | Vaults:2 | Bought a scroll of blinking for 165 gold pieces
103159 | Vaults:2 | Bought a scroll of immolation for 77 gold pieces
103298 | Vaults:5 | Reached skill level 15 in Air Magic
103299 | Vaults:5 | Reached skill level 15 in Dodging
103301 | Vaults:5 | Received a gift from Okawaru
103585 | Vaults:4 | Reached XP level 27. HP: 183/183 MP: 35/35
103645 | Vaults:4 | Reached skill level 24 in Armour
104151 | Vaults:4 | Received a gift from Okawaru
104664 | Vaults:5 | Identified the +5 spear of the Chain {antimagic, rElec}
104855 | Vaults:5 | Found the -2 hat of the Alchemist {rElec rPois rF+ rC+ rN+
                  | MR+ rMut rCorr}
105148 | Vaults:5 | Received a gift from Okawaru
105246 | Vaults:5 | Got a silver rune of Zot
105474 | Vaults:5 | Found Xiotiseh's Distillery.
105527 | Vaults:5 | Identified the +1 arbalest of Vivopiq {speed, Str+3}
105715 | Vaults:5 | Identified the +4 pair of gloves of Baldness {Dex+6} (You
                  | found it on level 5 of the Vaults)
105948 | Vaults:5 | Identified the +10 hand crossbow of the Hundredfold Mice
                  | {vorpal, Dex+7}
106059 | Vaults:5 | Identified the ring "Coli" {Wiz Dex+3 Slay+3}
106609 | Zot:1    | Entered Level 1 of the Realm of Zot
106626 | Zot:1    | Lost mutation: Your spells are a little easier to cast, but
                  | a little less powerful. [potion of mutation]
106626 | Zot:1    | Lost mutation: You are dopey. (Int -2) [potion of mutation]
106626 | Zot:1    | Gained mutation: Your magical capacity is very low. (-20%
                  | MP) [potion of mutation]
106626 | Zot:1    | Gained mutation: You passively map a small area around you.
                  | [potion of mutation]
107273 | Zot:1    | Reached skill level 25 in Armour
107343 | Zot:1    | Received a gift from Okawaru
108646 | Zot:2    | Identified the +9 dagger of the Enemy {vorpal, rElec rF+
                  | rN+}
108836 | Zot:2    | Identified the +12 great mace of the Four Stars {vamp, rF+
                  | rC+ Int+3 Stlth+}
109544 | Zot:3    | Noticed an orb of fire
109560 | Zot:3    | Killed an orb of fire
109560 | Zot:3    | Received a gift from Okawaru
109734 | Zot:3    | Reached skill level 26 in Armour
109808 | Zot:3    | HP: 6/186 [deathcap/drain life[a curse toe] (7)]
109813 | Zot:3    | HP: 6/186 [??? (3)]
109813 | Zot:3    | Killed from afar by a deathcap

Illustrated notes

Levels and vault maps discovered:
D:1:      dpeg_arrival_fog, layout_loops_ring
D:2:      layout_loops_corners, elyvilon_altar_4, uniq_crazy_yiuf_cottage
D:3:      layout_rooms, cheibrodos_sewer_entry_sluice, first_ration,
          minmay_quantized
D:4:      layout_loops_corners, kennysheep_mini, lemuel_round_altar,
          serial_shops, shop
D:5:      layout_gridville, fedhas_ov_isle_minmay, grunt_decor_mini_mirrors,
          minmay_crystal_water, nicolae_dithmenos_the_darkroom
D:6:      layout_loops_cross, grunt_temple_overflow_champion_of_chaos,
          minmay_temple_entry_drinking_statues, ebering_ghost_inner_flame,
          uniq_menkaure
D:7:      layout_loops_corners, old_standard_altar, old_standard_altar,
          basic_altar
D:8:      layout_layer_cave, hangedman_ranch [blue_anna_fruit_fields]
D:9:      layout_roguey, minitemple, zaba_anthell
D:10:     layout_grid_maze, due_lair_maze_entry_diamond,
          ebering_ghost_disaster_area, serial_shops, kennysheep_mini_moat,
          enter_bailey_7, uniq_erolcha
D:11:     layout_loops_ring, hangedman_glass_teeth, grunt_ashenzari_visionary
          [grunt_ashenzari_visionary_swamp, grunt_ashenzari_visionary_spider]
D:12:     minmay_gate_of_8, layout_rooms,
          kennysheep_orc_monster_closet_entryway, gammafunk_ghost_hydra_chop
D:13:     layout_loops_ring, david_vaults_2, david_defended_altar_orc
D:14:     layout_basic, gammafunk_ghost_fury_of_okawaru, solitary_fountain,
          serial_shops, nicolae_shop_crystal
D:15:     gammafunk_enter_depths_forms, layout_long_grid, gammafunk_ghost_arena,
          uniq_louise
Temple:   nicolae_temple_figure_zero
Lair:1:   layout_regular_city, basic_altar
Lair:2:   layout_long_grid, nzn_random_ring, lemuel_fruit_tree
Lair:3:   layout_hall_layers, spider_nest_entry_funnel_web,
          eino_house_with_fridge
Lair:4:   wad_woods_minihive, layout_hall_layers, minmay_swamp_entry_reptiles,
          lemuel_oklob_altar
Lair:5:   layout_hall_layers, nicolae_slime_entry_slimehenge
Lair:6:   hangedman_lair_caniforms_friends, layout_regular_city, wormcave,
          infiniplex_staircase_pool_2
Swamp:1:  layout_basic_swamp, nicolae_swamp_fairy_circle
Swamp:2:  layout_basic_swamp, serial_swamp_ruin, evilmike_swamp_ruin_house_3,
          evilmike_swamp_ruin_house_5, uniq_jorgrun
Swamp:3:  layout_basic_swamp, gammafunk_ghost_arena, evilmike_swamp_ruin_house_4
Swamp:4:  byrel_swamp_growth_death_and_undeath, layout_basic_swamp, uniq_mara
Spider:1: layout_spider_delve, gammafunk_ghost_berserking_beasts
Spider:2: layout_spider_delve
Spider:3: layout_spider_delve, special_room, hangedman_spider_tarantella_strand
Spider:4: guppyfry_spider_rune, portal_ice_cave_entry_ugly_swarm, uniq_asterion
Orc:1:    layout_diamond_mine, serial_shops, shop, nicolae_orc_rockfall,
          uniq_fannar, uniq_snorg
Orc:2:    st_orc_elflike, layout_diamond_mine, lightli_orcish_oven, uniq_donald,
          uniq_saint_roka
Elf:1:    minmay_elf_arrival_plus, layout_loops_cross,
          gammafunk_ghost_berserking_beasts, enter_trove_2,
          kennysheep_underground_church, grunt_ministairs_12, uniq_frances
Elf:2:    layout_rooms, serial_shops,
          nicolae_shop_temple_entry_statues_fountains, corexii_checkpoint_a
Elf:3:    minmay_elf_hall_not_hex, layout_onion_city, ebering_ghost_xom,
          basic_altar, serial_shops, shop, nicolae_shop_waterfront, shop,
          grunt_ministairs_9, hangedman_elven_ridges
Vaults:1: hangedman_vaults_nails, grunt_vaults_swirl, ontoclasm_vaults_gateway,
          v_misc_4, st_star, nicolae_vaults_network_s,
          nicolae_vaults_shelves_hall, v_misc_22, vaults_mumra_hexcomb,
          layout_vaults_omnigrid, serial_shops, nicolae_shop_crystal
Vaults:2: nicolae_vaults_diagonal_hallway_9, st_octagons_2,
          dpeg_vaults_monster_row, v_misc_8, vaults_room_hallway,
          vaults_standard_mumra_lines, nicolae_vaults_little_squares_3,
          vaults_room_mumra_shop_pool, nicolae_vaults_gold_heap,
          vaults_room_fours, layout_vaults_omnibox, serial_shops, shop_coins,
          uniq_mennas, uniq_margery, uniq_aizul
Vaults:3: nicolae_vaults_network_star, v_misc_28, minmay_crypt_entry_necro_gods,
          nicolae_vaults_arrows, hangedman_vaults_restitches,
          hangedman_vaults_corner_blocks, nicolae_vaults_circle_grid_a,
          nicolae_vaults_border_crossing, ontoclasm_vaults_idyll,
          hangedman_vaults_stretched_pinwheel, nicolae_vaults_alarming,
          layout_vaults_omnicross, serial_shops, shop_statue
Vaults:4: st_diamondy, hangedman_vaults_corner,
          nicolae_vaults_mini_display_case, grunt_vaults_trifunnel,
          hangedman_vaults_cutoff, vaults_mumra_chevron_long, v_alt_pattern_4,
          v_misc_12, nicolae_vaults_big_ls, nicolae_vaults_specimen_jars,
          v_misc_19, nicolae_vaults_little_squares_1,
          ontoclasm_vaults_decontamination, vaults_room_pools,
          layout_vaults_ring
Vaults:5: serial_shops
Crypt:1:  layout_gridlike, grunt_crypt_arrival_webbed, uniq_boris,
          uniq_frederick
Depths:1: layout_basic, pf_coc_iceberg, minmay_room_of_horrors, serial_shops,
          nicolae_shop_window_shopping, chequers_serial_rivers_small_b,
          fountainhead, kennysheep_generic_room_9
Depths:2: gammafunk_the_bubble [the_bubble_gammafunk_plus_minus],
          layout_cave_shapes, enter_ziggurat_f,
          infiniplex_staircase_spiral_double, serial_shops, shop, hell_entry,
          cheibriados_altar_1
Depths:3: minmay_bad_star, layout_gridlike, rand_demon_pan_entry_5, hell_entry,
          abyss_entry, minmay_misc_feat_alley, kennysheep_just_a_vault
Depths:4: minmay_tearing_corner, layout_cave_pools, hell_entry,
          hangedman_decor_clover_reticule, abyss_entry,
          eino_small_chamber_without_monster, nicolae_alphabet_shops,
          minmay_metal_thing
Depths:5: grunt_zot_entry_pinwheel, layout_basic, pan_entry, hell_entry,
          serial_curves, eino_curves_04, eino_curves_02, eino_curves_02,
          roderic_lattice_a, minmay_misc_feat_nine_boxes
Zot:1:    layout_gridville
Zot:2:    layout_basic
Zot:3:    layout_basic, zot_minivault_5

Skill      XL: |  1  2  3  4  5  6  7  8  9 10 11 12 13 14 15 16 17 18 19 20 21 22 23 24 25 26 27 |
---------------+----------------------------------------------------------------------------------+-----
Conjurations   | 2 3 4 5 7 9 11 12 14 15 16 17 18 | 18.6
Fighting       | 1 2 3 4 5 7 9 10 11 12 13 14 15 16 17 18 19 20 21 22 | 22.6
Air Magic      | 5 6 8 10 12 13 15 16 | 16.8
Spellcasting   | 3 4 5 6 8 9 10 11 | 11.6
Armour         | 3 5 7 9 10 12 14 15 17 18 20 21 22 23 26 | 26.0
Long Blades    | 2 4 6 9 10 11 12 13 14 15 16 | 16.0
Invocations    | 5 6 7 9 |  9.3
Dodging        | 5 8 9 10 12 13 15 17 | 17.3
Ice Magic      | 4 5 7 9 |  9.0
Shields        | 4 7 10 12 14 15 | 15.0
Translocations | 3 |  3.0
Stealth        | |  2.0

Action                   |  1- 3 |  4- 6 |  7- 9 | 10-12 | 13-15 | 16-18 | 19-21 | 22-24 | 25-27 || total
-------------------------+-------+-------+-------+-------+-------+-------+-------+-------+-------++-------
Melee: Dagger            |     3 |     5 |    39 |   133 |       |       |       |       |       ||   180
       Peck              |     1 |     1 |     5 |    29 |   137 |   363 |   530 |   513 |   760 ||  2339
       Kick              |       |     1 |     9 |    50 |   224 |   518 |   852 |   806 |  1187 ||  3647
       Headbutt          |       |       |     8 |    22 |   135 |   252 |       |       |       ||   417
       Rapier            |       |       |       |    67 |   507 |     5 |    52 |       |       ||   631
       Scimitar          |       |       |       |       |    10 |    59 |   122 |   186 |       ||   377
       Quick blade       |       |       |       |       |   213 |  1433 |  1806 |   934 |    96 ||  4482
       Double sword      |       |       |       |       |       |       |       |   418 |  1991 ||  2409
 Cast: Shock             |    75 |   140 |   249 |   494 |   188 |       |       |     1 |       ||  1147
       Static Discharge  |       |     1 |    22 |    56 |   101 |     5 |     3 |     1 |       ||   189
       Airstrike         |       |       |    28 |   106 |   433 |   617 |   268 |   240 |    51 ||  1743
       Lightning Bolt    |       |       |       |     7 |    63 |    41 |    45 |    17 |     5 ||   178
       Swiftness         |       |       |       |     2 |     1 |     1 |     1 |     1 |       ||     6
       Freezing Cloud    |       |       |       |       |     1 |     1 |     8 |    27 |     9 ||    46
       Apportation       |       |       |       |       |       |     9 |       |     2 |    14 ||    25
       Blink             |       |       |       |       |       |     2 |       |     2 |       ||     4
       Orb of Destructio |       |       |       |       |       |       |     1 |     1 |     3 ||     5
Invok: Heroism           |       |       |       |     3 |       |     1 |     4 |     8 |     5 ||    21
       Finesse           |       |       |       |       |       |       |     2 |     1 |     2 ||     5
 Abil: Fly               |       |     1 |       |       |       |       |     1 |     3 |     1 ||     6
       Stop Flying       |       |       |       |       |       |       |     1 |     3 |     2 ||     6
Evoke: Wand              |       |       |       |     2 |    49 |     5 |     5 |     2 |       ||    63
  Use: Scroll            |     1 |     5 |     2 |     6 |    13 |     7 |     9 |    20 |    24 ||    87
       Potion            |       |     7 |       |       |       |     2 |       |     1 |     7 ||    17
 Stab: Sleeping          |       |     1 |     2 |       |     7 |       |     1 |     2 |       ||    13
       Distracted        |       |       |       |     1 |     1 |     1 |       |     1 |     1 ||     5
       Confused          |       |       |       |       |       |     1 |       |       |     1 ||     2
  Eat: Chunk             |     4 |    12 |    14 |    26 |    72 |    31 |    31 |    34 |    21 ||   245
       Ration            |       |       |     3 |     7 |     5 |     9 |     7 |     8 |     9 ||    48
Armor: Robe              |     1 |     7 |    18 |       |       |       |       |       |       ||    26
       Leather armour    |       |       |       |    23 |       |       |       |       |       ||    23
       Ring mail         |       |       |       |    28 |       |       |    67 |    75 |       ||   170
       Troll leather arm |       |       |       |    14 |    14 |       |       |       |       ||    28
       Steam dragon scal |       |       |       |       |   150 |    29 |       |       |       ||   179
       Chain mail        |       |       |       |       |       |    95 |       |       |       ||    95
       Swamp dragon scal |       |       |       |       |       |   153 |   109 |       |       ||   262
       Fire dragon scale |       |       |       |       |       |       |       |   157 |   292 ||   449
       Crystal plate arm |       |       |       |       |       |       |       |       |   256 ||   256
Dodge: Dodged            |     5 |    44 |    91 |   300 |   857 |   648 |   450 |   425 |   902 ||  3722
Block: Buckler           |       |       |       |       |    12 |   127 |       |       |       ||   139
       Kite shield       |       |       |       |       |       |   320 |   978 |   892 |  1710 ||  3900
       Reflection        |       |       |       |       |       |     1 |   111 |    83 |    69 ||   264
       Rpst.: Scimitar   |       |       |       |       |     2 |     5 |     7 |     7 |       ||    21
       Double sword      |       |       |       |       |       |       |       |    20 |   138 ||   158

Table legend:
 A = Non-vault XP
 B = Vault XP
 C = Vault XP percentage of total XP
 D = Non-vault monster count
 E = Vault monster count
 F = Vault count percentage of total count
                 A         B        C        D         E       F
            +---------+---------+-------+---------+---------+-------
      Total |  944261 |  611623 |  39.3 |    1880 |     878 |  31.8
            +---------+---------+-------+---------+---------+-------
        D:1 |      55 |       0 |   0.0 |      28 |       0 |   0.0
        D:2 |      49 |       0 |   0.0 |      12 |       0 |   0.0
        D:3 |     198 |     146 |  42.4 |      28 |       9 |  24.3
        D:4 |     375 |       0 |   0.0 |      29 |       0 |   0.0
        D:5 |    1294 |       0 |   0.0 |      37 |       0 |   0.0
        D:6 |    1395 |     218 |  13.5 |      31 |       2 |   6.1
        D:7 |     291 |       0 |   0.0 |      10 |       0 |   0.0
        D:8 |    3491 |    2286 |  39.6 |      49 |       9 |  15.5
        D:9 |    2948 |    4009 |  57.6 |      23 |      39 |  62.9
       D:10 |    3078 |    3121 |  50.3 |      17 |      15 |  46.9
       D:11 |    6599 |       0 |   0.0 |      36 |       0 |   0.0
       D:12 |    7286 |    4467 |  38.0 |      31 |      23 |  42.6
       D:13 |    8317 |    2746 |  24.8 |      39 |       6 |  13.3
       D:14 |    7591 |       0 |   0.0 |      29 |       0 |   0.0
       D:15 |   13148 |    5778 |  30.5 |      26 |      10 |  27.8
     Lair:1 |    1878 |       0 |   0.0 |      10 |       0 |   0.0
     Lair:2 |    4699 |    3121 |  39.9 |      21 |      12 |  36.4
     Lair:3 |    9941 |    2080 |  17.3 |      45 |      21 |  31.8
     Lair:4 |    4999 |    3976 |  44.3 |      19 |      46 |  70.8
     Lair:5 |    5021 |     181 |   3.5 |      10 |       5 |  33.3
     Lair:6 |   10624 |   16013 |  60.1 |      41 |      74 |  64.3
    Swamp:1 |   10223 |       0 |   0.0 |      25 |       0 |   0.0
    Swamp:2 |   10031 |    3059 |  23.4 |      27 |       1 |   3.6
    Swamp:3 |   17501 |    2135 |  10.9 |      51 |       2 |   3.8
    Swamp:4 |    8307 |   35194 |  80.9 |      28 |      42 |  60.0
   Spider:1 |   15066 |       0 |   0.0 |      46 |       0 |   0.0
   Spider:2 |   13106 |       0 |   0.0 |      48 |       0 |   0.0
   Spider:3 |   10747 |     210 |   1.9 |      30 |       1 |   3.2
   Spider:4 |   12056 |   22793 |  65.4 |      29 |      41 |  58.6
      Orc:1 |    3901 |    2815 |  41.9 |      21 |      10 |  32.3
      Orc:2 |    4879 |   16502 |  77.2 |      50 |      36 |  41.9
      Elf:1 |   10588 |    9435 |  47.1 |      17 |      12 |  41.4
      Elf:2 |   26742 |    4602 |  14.7 |      45 |       5 |  10.0
      Elf:3 |   12935 |   35998 |  73.6 |      19 |      28 |  59.6
   Vaults:1 |   21364 |   26633 |  55.5 |      45 |      35 |  43.8
   Vaults:2 |    3523 |   40106 |  91.9 |      13 |      42 |  76.4
   Vaults:3 |   22880 |   39821 |  63.5 |      26 |      57 |  68.7
   Vaults:4 |   52912 |   78909 |  59.9 |      70 |      81 |  53.6
   Vaults:5 |   27038 |   98914 |  78.5 |      45 |      67 |  59.8
    Crypt:1 |   17101 |   10834 |  38.8 |      25 |       2 |   7.4
   Depths:1 |   21097 |    5407 |  20.4 |      34 |      17 |  33.3
   Depths:2 |   30553 |    2754 |   8.3 |      42 |       1 |   2.3
   Depths:3 |   33827 |   27716 |  45.0 |      42 |      17 |  28.8
   Depths:4 |   56101 |   65818 |  54.0 |      65 |      34 |  34.3
   Depths:5 |   38024 |   22474 |  37.1 |      40 |      16 |  28.6
      Zot:1 |   58976 |       0 |   0.0 |      41 |       0 |   0.0
      Zot:2 |   72379 |       0 |   0.0 |      43 |       0 |   0.0
      Zot:3 |   39536 |       0 |   0.0 |      21 |       0 |   0.0
    Abyss:1 |   36226 |       0 |   0.0 |      44 |       0 |   0.0
    Abyss:2 |   53215 |     535 |   1.0 |      80 |       1 |   1.2
    Abyss:3 |  110150 |      10 |   0.0 |     197 |       1 |   0.5
      Sewer |       0 |       4 | 100.0 |       0 |       2 | 100.0
     Bailey |       0 |    1219 | 100.0 |       0 |      30 | 100.0
      IceCv |       0 |    9584 | 100.0 |       0 |      26 | 100.0
            +---------+---------+-------+---------+---------+-------
